 Dungeon Crawl Stone Soup version 0.30.1-9-gdf580d7c3d (webtiles) character file.

Game seed: 12463553616433723694

413 Chiseanne the Trooper (level 6, -8/48 HPs)
             Began as a Demonspawn Wanderer on Oct 5, 2023.
             Mangled by a gnoll
             ... wielding a +0 halberd
             ... led by a gnoll bouda
              (11 damage)
             ... on level 5 of the Dungeon.
             The game lasted 00:09:37 (3269 turns).

Chiseanne the Trooper (Demonspawn Wanderer)         Turns: 3269, Time: 00:09:38

Health: -8/48      AC: 15    Str: 16    XL:     6   Next: 59%
Magic:  6/6        EV: 16    Int: 10    God:
Gold:   190        SH:  5    Dex: 16    Spells: 5/5 levels left

rFire   . . .        a - +0 rapier
rCold   + . .        n - +0 buckler
rNeg    . . .        h - +2 ring mail {rC+}
rPois   +            p - +0 helmet
rElec   .            t - +0 cloak
rCorr   .            l - +0 pair of gloves
SInv    .            (no boots)
Will    .....        (no amulet)
Stlth   ++           b - ring of poison resistance
HPRegen 0.28/turn    r - +4 ring of protection
MPRegen 0.10/turn

%: no passive effects
@: mighty, agile
A: thin skeletal structure 1, powered by pain 1, weakness stinger 2
a: no special abilities


You were on level 5 of the Dungeon.
You visited 1 branch of the dungeon, and saw 5 of its levels.

You collected 190 gold pieces.

Inventory:

Hand Weapons
 a - a +0 rapier (weapon)
 d - a +0 dagger of venom
 s - a +1 whip of electrocution
 u - a +0 flail of protection
Missiles
 i - 39 stones
 o - 13 poisoned darts (quivered)
Armour
 h - a +2 ring mail of cold resistance (worn)
 l - a +0 pair of gloves (worn)
 n - a +0 buckler (worn)
 p - a +0 helmet (worn)
 t - a +0 cloak (worn)
Jewellery
 b - a ring of poison resistance (left hand)
 r - a +4 ring of protection (right hand)
Wands
 c - a wand of flame (6)
Potions
 e - a potion of resistance {unknown}
 f - 3 potions of flight
 g - 2 potions of curing {unknown}
 j - 2 potions of haste
 k - a potion of might {unknown}
 m - 4 potions of heal wounds
 q - 2 potions of lignification


   Skills:
 * Level 4.0 Fighting
 - Level 2.6 Short Blades
 - Level 1.0 Axes
 * Level 3.1 Armour
 * Level 3.0 Dodging
 * Level 2.4 Shields
 - Level 3.0 Evocations


You had 5 spell levels left.
You didn't know any spells.
Your spell library contained the following spells:

 Spells                   Type           Power      Damage    Failure   Level
 Ensorcelled Hibernation  Hex/Ice        0%         N/A       80%         2
 Passwall                 Tmut/Erth      0%         N/A       80%         2
 Swiftness                Air            0%         N/A       95%         3
 Vhi's Electric Charge    Tloc/Air       0%         N/A       95%         3
 Arcjolt                  Conj/Air       0%         1d10      100%        5
 Maxwell's Capacitive Co  Air            0%         ∞         100%        8


Dungeon Overview and Level Annotations

Branches:
Dungeon (5/15)
 Temple: D:4-7

Altars:
Cheibriados
Dithmenos
Makhleb
Ru
Vehumet

Shops:
D:4 =[!(


Innate Abilities, Weirdness & Mutations

You have a somewhat thin skeletal structure. (Dex +2, Stealth+)
You sometimes gain a little power by taking damage.
You have a tail ending in a sharp stinger.


Message History

You hear a shout!
The gnoll drinks a potion.
The gnoll goes berserk!
The gnoll closely misses you.
The gnoll hits you from afar with a +0 halberd!
Okay, then.
Okay, then.
You aren't carrying any scrolls.
Unknown command.
Okay, then.
The gnoll closely misses you. The gnoll barely misses you.
The gnoll hits you from afar with a +0 halberd.
The gnoll completely misses you.
You hear the slow rusting of a very distant drain.
The gnoll hits you but does no damage.
The gnoll rages.
The gnoll barely misses you.
The gnoll hits you from afar with a +0 halberd!
You focus on the pain.
You feel very mighty all of a sudden.
The gnoll is no longer moving quickly.
The gnoll bouda barks out a call to the hunt!
The gnoll picks up the pace!
The gnoll misses you. You block the gnoll's attack.
The gnoll is no longer moving quickly. x2
The gnoll rages.
You block the gnoll's attack.
The gnoll bouda gazes fiercely through you!
You feel your attacks grow feeble. The gnoll barely misses you.
You block the gnoll's attack.
The gnoll hits you from afar with a +0 halberd!!
* * * LOW HITPOINT WARNING * * *
You focus on the pain.
You feel agile all of a sudden.
Your attacks no longer feel as feeble.
The gnoll attacks as you move away! You block the gnoll's attack.
The gnoll hits you from afar with a +0 halberd!
You die...

.............g.....†....
........g...........†...
.......g####'#########..
........#........... #..
........#........... #..
........'........... #..
......g.#........... #..
........#........... #..
......g@#.......##.. #..
........##########.. #..
.................# #..
.................# #..
########...<.....# #..
#.........# #..
#.........# #..
#.........# #..
#.........# #..


You could see a gnoll bouda and 3 gnolls.

Vanquished Creatures
  Edmund (D:4)
  A scorpion (D:5)
  A hound (D:4)
  Natasha (D:4)
  Robin (D:4)
  5 adders
  An ufetubus (D:5)
  2 dart slugs (D:2)
  9 orcs
  10 endoplasms
  11 giant cockroaches
  16 goblins
  11 hobgoblins
  5 jackals
  7 kobolds
  3 quokkas
  4 ball pythons
  3 bats
  3 frilled lizards
  5 rats
100 creatures vanquished.

Notes
Turn   | Place    | Note
-------+----------+-------------------------------------------
     0 | D:1      | Chiseanne the Demonspawn Wanderer began the quest for the
                  | Orb.
     0 | D:1      | Chiseanne set off with the following items: a +0 rapier, a
                  | +0 hand axe, a wand of flame (6), a potion of
                  | lignification, a +0 leather armour.
     0 | D:1      | Reached XP level 1. HP: 16/16 MP: 1/1
   184 | D:1      | Gained mutation: You have a small tail. [demonic ancestry]
   184 | D:1      | Reached XP level 2. HP: 7/23 MP: 2/2
   316 | D:1      | Reached skill level 1 in Dodging
   630 | D:1      | Gained mutation: You have a tail ending in a sharp stinger.
                  | [demonic ancestry]
   630 | D:1      | Reached XP level 3. HP: 27/28 MP: 3/3
  1681 | D:3      | Reached skill level 3 in Fighting
  1704 | D:3      | Gained mutation: You have a somewhat thin skeletal
                  | structure. (Dex +2, Stealth+) [demonic ancestry]
  1704 | D:3      | Reached XP level 4. HP: 35/35 MP: 4/4
  2258 | D:3      | Reached skill level 1 in Shields
  2426 | D:4      | Found Feiqiwit's Antique Armour Shop.
  2426 | D:4      | Noticed Edmund
  2435 | D:4      | Found Mumam's Antique Weapon Shop.
  2578 | D:4      | Noticed Robin
  2595 | D:4      | Gained mutation: You sometimes gain a little power by
                  | taking damage. [demonic ancestry]
  2595 | D:4      | Reached XP level 5. HP: 41/41 MP: 5/5
  2607 | D:4      | Killed Robin
  2650 | D:4      | Killed Edmund
  2651 | D:4      | Reached XP level 6. HP: 26/48 MP: 6/6
  2834 | D:4      | Noticed Natasha
  2835 | D:4      | Found Niytaah's Jewellery Emporium.
  2853 | D:4      | Killed Natasha
  2985 | D:4      | Found a shadowy altar of Dithmenos.
  2987 | D:4      | Found a radiant altar of Vehumet.
  2988 | D:4      | Found a sacrificial altar of Ru.
  2988 | D:4      | Found a snail-covered altar of Cheibriados.
  2988 | D:4      | Found a burning altar of Makhleb.
  3115 | D:4      | Found Zuoh's Distillery.
  3153 | D:5      | Entered Level 5 of the Dungeon
  3204 | D:5      | Reached skill level 4 in Fighting
  3267 | D:5      | HP: 2/48 [gnoll/+0 halberd[a gnoll bouda] (22)]
  3269 | D:5      | Mangled by a gnoll

Illustrated notes

Levels and vault maps discovered:
D:1:      tekkud_arrival_beachfront_property, layout_loops_corners,
          serial_glass, glass_columns_a, glass_columns_b, minmay_statues_item,
          minmay_misc_feat_tower, serial_park_tiny_1, minmay_worlds_worst_comb
D:2:      layout_rooms
D:3:      layout_basic
D:4:      layout_rooms, minitemple, serial_shops, nicolae_shop_window_shopping,
          shop, shop, nicolae_shop_back_alley_shop, uniq_robin, uniq_natasha,
          uniq_edmund
D:5:      layout_gridville, portal_sewer_entry_e, minmay_fire_ice_demons

Skill      XL: |  1  2  3  4  5  6 |
---------------+-------------------+-----
Dodging        | 1 2 3 |  3.0
Fighting       | 3 4 |  4.0
Armour         | 2 3 |  3.1
Shields        | 1 2 |  2.4
Short Blades   | |  2.6
Axes           | |  1.0
Evocations     | |  3.0

Action                     |  1- 3 |  4- 6 || total
---------------------------+-------+-------++-------
  Melee: Rapier            |   152 |   148 ||   300
         Tailslap          |    13 |    19 ||    32
         Punch             |     1 |       ||     1
         Whip              |       |    23 ||    23
         Dagger            |       |    19 ||    19
  Throw: Dart              |       |     5 ||     5
    Use: Scroll            |     2 |    10 ||    12
   Stab: Sleeping          |     1 |     2 ||     3
 Armour: Leather armour    |    15 |       ||    15
         Scale mail        |    24 |       ||    24
         Ring mail         |     7 |   102 ||   109
  Dodge: Dodged            |    76 |   111 ||   187
  Block: Buckler           |     7 |    52 ||    59
